[Event "Live Chess"]
[Site "Chess.com"]
[Date "2024.06.01"]
[Round "-"]
[White "chess5013"]
[Black "StoreySniper"]
[Result "0-1"]
[WhiteElo "1233"]
[BlackElo "2558"]
[TimeControl "300"]
[EndTime "10:49:54 PDT"]
[Termination "StoreySniper won by checkmate"]

1. d4 g6 2. e4 Bg7 3. Nf3 c5 4.
e5 cxd4 5. Qxd4 Nc6 6. Qe3 Nxe5 7. Nxe5 Qa5+ 8. Bd2 Qxe5 9. Qxe5 Bxe5 10. c3 b6 11. Bc4 Bb7 12. O-O d5 13. Bb5+ Kf8 14. Be3 Kg7 15. Nd2 Nf6 16. Nf3 Bd6 17. Bd4 a6 18. Bd3 Bc5 19. Rfe1 Bxd4 20. Nxd4 e6 21. Rad1 b5 22. b3 Rhc8 23. Rc1 Nd7 24. c4 bxc4 25.
bxc4 dxc4 26. Bxc4 e5 27. Nf3 Bxf3 28. gxf3 Rc7 29.
Bd5 Rac8 30. Rxc7 Rxc7 31. Bb3 Rc5 32. Rd1 Nf6 33. Kg2 Nh5 34. Rd7 Nf4+ 35. Kg3 Rc1 36. Rd1 Rxd1 37. Bxd1 f5 38. Bb3 a5 39. a4 Kf6 40. Bc4 Ne6 41. h3 f4+ 42. Kg2 Nc5 43.
Bb5 g5 44. Kf1 Ke6 45. Ke2 Kd5 46. Kd1 Kd4 47. Kd2 h6 48. Ke2 Kc3 49. Ke1 Kb4 50.
Kd2 Nxa4 51. Kd3 Kxb5 52. Ke4 Nc5+ 53. Kxe5 a4 54. Kf5 a3 55. Kg6 a2 56. Kxh6 a1=Q 57.
Kxg5 Qe5+ 58. Kg4 Ne6 59. h4 Qg7+ 60. Kh3 Qg1 61. h5 Nd4 62. h6 Qxf2 63. h7 Qg3# 0-1

[Event "Live Chess"]
[Site "Chess.com"]
[Date "2024.06.01"]
[Round "-"]
[White "booktrunk"]
[Black "ProfPoisson"]
[Result "1-0"]
[WhiteElo "1406"]
[BlackElo "1236"]
[TimeControl "300"]
[EndTime "10:50:22 PDT"]
[Termination "booktrunk won by checkmate"]

1. d4 e6 2. Nc3 f5 3. Bf4 Nf6 4. Nb5 d6 5. e3 Be7 6. h4 a6 7.
Nc3 b6 8. Be2 Bb7 9. Bf3 Ne4 10.
Nxe4 fxe4 11. Bg4 O-O 12. Bxe6+ Kh8 13. Qh5 Bf6 14. Nh3 Qe7 15. Bc4 b5 16. Be2 Nd7 17.
g4 g6 18. Qh6 Bg7 19. Qg5 Bf6 20. Qh6 Bg7 21. Qg5 Nf6 22. h5 h6 23. Qxg6 Bc6 24. Bxh6 Be8 25. Bxg7+ Qxg7 26. Qxg7+ Kxg7 27. Ng5 Bd7 28. O-O-O Nxg4 29. Nxe4 Nxf2 30. Rdg1+ Kh6 31. Rg6+ Kh7 32. Rhg1 Nxe4 33. Rg7+ Kh8 34. Bd3 Bf5 35. h6 Rae8 36. Rxc7 Bh7 37. a3 Nf2 38. Rxh7# 1-0

[Event "Live Chess"]
[Site "Chess.com"]
[Date "2024.06.01"]
[Round "-"]
[White "GoldsmanB"]
[Black "NottheBishopSacrifice"]
[Result "0-1"]
[WhiteElo "1045"]
[BlackElo "2221"]
[TimeControl "300"]
[EndTime "10:50:32 PDT"]
[Termination "NottheBishopSacrifice won by checkmate"]

1. d4 d5 2. Bf4 e6 3. e3 Bd6 4. Bg3 Nf6 5. Nf3 O-O 6. c3 c5 7. Nbd2 Nc6 8. Be2 b6 9. Qc2 Bb7 10. O-O-O Qc7 11. c4 Nb4 12. Qb3 cxd4 13. Nxd4 Bxg3 14.
hxg3 dxc4 15. Qxb4 Nd5 16. Qxc4 Qe7 17. f3 Rac8 18. Qxc8 Rxc8+ 19. Kb1 Nxe3 20. Rc1 Rxc1+ 21. Rxc1 g6 22. Nb5 Qb4 23. Ne4 Bxe4+ 24. fxe4 Qxe4+ 25. Ka1 Nc2+ 26. Kb1 Na3+ 27. Ka1 Qb1+ 28. Rxb1 Nc2# 0-1

[Event "Live Chess"]
[Site "Chess.com"]
[Date "2024.06.01"]
[Round "-"]
[White "elephantgerrald"]
[Black "AnotherOneBadPlayer"]
[Result "0-1"]
[WhiteElo "756"]
[BlackElo "2225"]
[TimeControl "300"]
[EndTime "10:50:43 PDT"]
[Termination "AnotherOneBadPlayer won on time"]

1. e4 e6 2. d4 d5 3. e5 c5 4. dxc5 Bxc5 5. Bb5+ Nc6 6. Qf3 Ne7 7.
Nc3 Bd7 8. Qg3 Nf5 9. Qg4 Nxe5 10. Bxd7+ Qxd7 11. Qg5 h6 12. Qd2 O-O 13. b3 Bb4 14.
Bb2 Rac8 15. O-O-O Nd6 16. Nf3 Nxf3 17. gxf3 Nb5 18.
Rhg1 Nxc3 19. Qxh6 f6 20. Bxc3 Bxc3 21. Rd3 Rf7 22.
f4 Qd6 23. Rh3 Kf8 24. Qh8+ Ke7 25. Qxc8 Qxf4+ 26. Re3 Be5 27. Qxb7+ Bc7 28. Rg4 Qxh2 29. Qb4+ Qd6 30. Qb7 g5 31. Ra4 Qc5 32. Rxa7 Kf8 33. Qc8+ Kg7 34. Ra8 Rf8 35. Qd7+ Rf7 36. Qxe6 Bf4 37.
Rg8+ Kxg8 38. Qe8+ Kg7 39. Kb2 Bxe3 40. fxe3 Qe7 41.
Qb5 Qe5+ 0-1

[Event "Live Chess"]
[Site "Chess.com"]
[Date "2024.06.01"]
[Round "-"]
[White "Sokolik_UA"]
[Black "rakibsachchu"]
[Result "0-1"]
[WhiteElo "797"]
[BlackElo "1551"]
[TimeControl "300"]
[EndTime "10:51:00 PDT"]
[Termination "rakibsachchu won by checkmate"]

1. e4 c5 2. d4 cxd4 3. Qxd4 Nc6 4. Qe3 e5 5. Bd2 Nf6 6. Bc4 Nd4 7. Qc3 Bb4 8. Qd3 O-O 9. c3 d5 10. cxb4 dxc4 11.
Qxc4 Be6 12. Qd3 Rc8 13. Ne2 Nc2+ 14. Kf1 Qxd3 15. Nc3 Nxa1 16. h3 Rxc3 17. Bxc3 Nxe4 18.
Bxe5 Bc4 19. Kg1 Qxe2 20. b3 Qxf2+ 21. Kh2 Nd2 22. Rxa1 Nf3+ 23. Kh1 Bf1 24. b5 Qxg2# 0-1

[Event "Live Chess"]
[Site "Chess.com"]
[Date "2024.06.01"]
[Round "-"]
[White "Ksenia_2013"]
[Black "nigelst"]
[Result "0-1"]
[WhiteElo "767"]
[BlackElo "1711"]
[TimeControl "300"]
[EndTime "10:51:04 PDT"]
[Termination "nigelst won by checkmate"]

1. e4 c6 2. Bc4 d5 3. exd5 cxd5 4. Bxd5 Qxd5 5. Nc3 Qd8 6. Ne4 e5 7. Qf3 Nf6 8. Ng5 Nc6 9. N1h3 Be7 10. O-O O-O 11.
Nf4 exf4 12. Qxf4 Qd4 13. Qg3 Bd6 14. Qh3 Qg4 15. Qxg4 Nxg4 16. f3 Bc5+ 17. Kh1 Nf6 18. f4 Nd4 19. c3 Ne2 20. Rf3 Nxc1 21. Rxc1 Bg4 22. Rh3 Bxh3 23. gxh3 Rad8 24. f5 Rxd2 25. Rg1 Bxg1 26. Kxg1 Re8 27. Nf3 Rxb2 28. h4 Rd8 29. h5 Rd1+ 30. Ne1 Rxe1# 0-1

[Event "Live Chess"]
[Site "Chess.com"]
[Date "2024.06.01"]
[Round "-"]
[White "E2E4colchester"]
[Black "RuslanChessN"]
[Result "1-0"]
[WhiteElo "1506"]
[BlackElo "1928"]
[TimeControl "300"]
[EndTime "10:51:08 PDT"]
[Termination "E2E4colchester won by resignation"]

1. d4 d5 2. c4 Bf5 3. e3 e6 4.
Nc3 Nf6 5. c5 c6 6. Nf3 Nbd7 7.
Bd3 Bg4 8. h3 Bh5 9. g4 Bg6 10.
Bxg6 hxg6 11. b4 Nxg4 12. Ne5 Ngxe5 13. dxe5 Nxe5 14. Bb2 Qf6 15. Qe2 Nf3+ 16. Kd1 Ng5 17. Nxd5 1-0

[Event "Live Chess"]
[Site "Chess.com"]
[Date "2024.06.01"]
[Round "-"]
[White "Mangoalo"]
[Black "viktorskliarov"]
[Result "0-1"]
[WhiteElo "1013"]
[BlackElo "2643"]
[TimeControl "300"]
[EndTime "10:51:11 PDT"]
[Termination "viktorskliarov won by resignation"]

1. e4 c5 2. Nf3 Nc6 3. d4 cxd4 4. Nxd4 Nf6 5. Nc3 g6 6. Bg5 Bg7 7. f4 O-O 8. e5 Ne8 9. Bb5 a6 10. Bxc6 dxc6 11. O-O Nc7 12. Nf3 f6 13. exf6 exf6 14. Bh4 Bf5 15. h3 Qxd1 16. Raxd1 Rad8 17. Rxd8 Rxd8 18. Rd1 Rxd1+ 19. Nxd1 Bxc2 20. Nc3 Nb5 21. Nxb5 axb5 22. a3 f5 23. Nd4 Bxd4+ 24. Kh1 Bxb2 25. a4 Bxa4 26. Bf6 Bxf6 0-1

[Event "Live Chess"]
[Site "Chess.com"]
[Date "2024.06.01"]
[Round "-"]
[White "CarmelJane"]
[Black "DoctorMantisTobogganMD"]
[Result "0-1"]
[WhiteElo "2087"]
[BlackElo "2189"]
[TimeControl "300"]
[EndTime "10:51:16 PDT"]
[Termination "DoctorMantisTobogganMD won by resignation"]

1. e4 c6 2. d4 g6 3. Nc3 Bg7 4. Be3 d5 5. e5 h5 6. Qd2 b5 7. h3 a5 8. f4 Nh6 9. Nf3 Bf5 10. Ng5 f6 11. Nf3 Nf7 12. Bd3 e6 13. Bxf5 gxf5 14. O-O Nd7 15. Bf2 fxe5 16. dxe5 Bf8 17. Nd4 Rh6 18.
Nxc6 Qc7 19. Nd4 b4 20. Ncb5 Qb7 21. a4 Nc5 22. c3 Ne4 23. Qe1 Bc5 24. cxb4 axb4 25.
Qc1 Qb6 26. Qe3 Rg6 27. Rfd1 Kf8 28. Rac1 Rxa4 29. Qg3 0-1

[Event "Live Chess"]
[Site "Chess.com"]
[Date "2024.06.01"]
[Round "-"]
[White "Frankie_Badacsonyi"]
[Black "Ferrarifan27"]
[Result "1-0"]
[WhiteElo "2437"]
[BlackElo "2098"]
[TimeControl "300"]
[EndTime "10:51:16 PDT"]
[Termination "Frankie_Badacsonyi won by resignation"]

1. d4 Nf6 2. c4 e6 3. Nf3 b6 4. a3 Bb7 5. Nc3 Be7 6. e3 O-O 7. Bd3 d6 8. O-O Nbd7 9. e4 e5 10.
d5 a5 11. Bc2 Nc5 12. Rb1 Ba6 13. b4 Bxc4 14. bxc5 Bxf1 15. Qxf1 bxc5 16. Ba4 Nd7 17. Be3 Nb6 18. Bc6 Rb8 19. a4 Bf6 20. Bb5 Qe7 21.
Nd2 Bg5 22. Qe2 Bxe3 23. Qxe3 f5 24. exf5 Rxf5 25. Rf1 Rbf8 26. Nde4 Rf4 27. f3 h6 28. Bc6 R4f7 29. Qd2 Qh4 30. Qf2 Rf5 31. Qxh4 1-0

[Event "Live Chess"]
[Site "Chess.com"]
[Date "2024.06.01"]
[Round "-"]
[White "Colm_Buckley"]
[Black "GEMdzq"]
[Result "0-1"]
[WhiteElo "1791"]
[BlackElo "2318"]
[TimeControl "300"]
[EndTime "10:51:28 PDT"]
[Termination "GEMdzq won by checkmate"]

1. d4 Nf6 2. c4 e6 3. Nc3 c5 4.
Nf3 cxd4 5. Nxd4 Bb4 6. Bd2 Nc6 7. Nf3 O-O 8. g3 d5 9. cxd5 exd5 10. a3 Bxc3 11.
Bxc3 Ne4 12. Bg2 Nxc3 13. bxc3 Re8 14. O-O Bg4 15. Qd3 Qd7 16. Nd4 Ne5 17. Qd2 h6 18.
Rfd1 Rac8 19. f3 Nc4 20. Qa2 Bh3 21. Bxh3 Qxh3 22. Rf1 Ne3 23. Rf2 Rxc3 24. Nb5 Rc2 25. Qb3 Qc8 26. h4 Qh3 27. Nd4 Qxg3+ 28. Kh1 Qxf2 29. Nxc2 Qg2# 0-1

[Event "Live Chess"]
[Site "Chess.com"]
[Date "2024.06.01"]
[Round "-"]
[White "SirGerhard"]
[Black "KGreenGator"]
[Result "1-0"]
[WhiteElo "2771"]
[BlackElo "1771"]
[TimeControl "300"]
[EndTime "10:51:30 PDT"]
[Termination "SirGerhard won by resignation"]

1. d4 d5 2. c4 e6 3. Nf3 Nf6 4. Nc3 g6 5. Bg5 Bg7 6. e3 O-O 7. Bd3 Re8 8. O-O c6 9. Ne5 Qc7 10. f4 Nbd7 11. Qf3 b6 12. Rac1 Bb7 13. cxd5 Nxd5 14. Nxd5 exd5 15. Qxd5 Nxe5 16. fxe5 cxd5 17. Rxc7 1-0

[Event "Live Chess"]
[Site "Chess.com"]
[Date "2024.06.01"]
[Round "-"]
[White "SavagePawn7"]
[Black "Crowded_House"]
[Result "0-1"]
[WhiteElo "684"]
[BlackElo "1767"]
[TimeControl "300"]
[EndTime "10:51:46 PDT"]
[Termination "Crowded_House won by resignation"]

1. e4 e6 2. d4 d5 3. c4 dxe4 4. d5 exd5 5. cxd5 Ne7 6. Nc3 g6 7. Qd4 Rg8 8. Qxe4 Bf5 9. Qa4+ Qd7 10. Qxd7+ Nxd7 11. Nf3 Nb6 12. Bb5+ Bd7 13. Bxd7+ Nxd7 14. O-O O-O-O 15. Nb5 a6 16. Nc3 Nb6 17. Be3 Nbxd5 18.
Nxd5 Nxd5 19. Ba7 b6 20. Rfd1 Kb7 21. Rac1 Kxa7 22. Rxd5 Rxd5 23. Rxc7+ Kb8 24. Rxf7 Rd1+ 0-1

[Event "Live Chess"]
[Site "Chess.com"]
[Date "2024.06.01"]
[Round "-"]
[White "Duke_of_Bebington"]
[Black "febray_27"]
[Result "0-1"]
[WhiteElo "1628"]
[BlackElo "2028"]
[TimeControl "300"]
[EndTime "10:52:01 PDT"]
[Termination "febray_27 won by resignation"]

1. e4 c5 2. c3 e6 3. d4 cxd4 4. cxd4 d5 5. Bd3 dxe4 6. Bxe4 Nf6 7. Nc3 Bb4 8. Qf3 Nxe4 9. Qxe4 O-O 10. Ne2 Nc6 11. O-O a6 12. Bf4 Bd6 13. Rac1 Bxf4 14. Nxf4 Bd7 15. d5 exd5 16. Nfxd5 Re8 17. Qf3 Nd4 18.
Qd3 Nb5 19. Qg3 Nxc3 20. Rxc3 Bc6 21. Ne3 Re6 22. Rd1 Qb6 23. Nf5 g6 24. Nd4 Rd8 25.
Qd3 Red6 26. Rb3 Qxd4 27. Qxd4 Rxd4 28. Rxd4 Rxd4 0-1

[Event "Live Chess"]
[Site "Chess.com"]
[Date "2024.06.01"]
[Round "-"]
[White "Isambard_Thomas"]
[Black "koekoekoe"]
[Result "1-0"]
[WhiteElo "2158"]
[BlackElo "2090"]
[TimeControl "300"]
[EndTime "10:52:04 PDT"]
[Termination "Isambard_Thomas won by checkmate"]

1. d4 d5 2. Nf3 Nf6 3. Bg5 Bf5 4. e3 e6 5. Bd3 Bg6 6. c3 c6 7.
Qe2 Qb6 8. b3 Nbd7 9. O-O Be7 10. Nbd2 O-O 11. Bxf6 Bxf6 12. Rac1 Qa5 13. a4 c5 14. Rfe1 Rac8 15. Bb5 cxd4 16. Bxd7 d3 17.
Qf1 Rxc3 18. b4 Qc7 19. Rxc3 Qxc3 20. Rc1 Qxb4 21. Rb1 Qd6 22. Rxb7 Qa6 23. Rb1 Bc3 24. Bb5 Qa5 25. Nb3 Qb4 26. Nbd4 Qa3 27. Rb3 Qc5 28. Bxd3 Rc8 29. g3 Bh5 30. Qh3 Bxf3 31. Nxf3 a5 32.
Qxh7+ Kf8 33. Rb7 Bf6 34. Qh8# 1-0

[Event "Live Chess"]
[Site "Chess.com"]
[Date "2024.06.01"]
[Round "-"]
[White "ACM42"]
[Black "FlyingChessKestrel13"]
[Result "1-0"]
[WhiteElo "2209"]
[BlackElo "2103"]
[TimeControl "300"]
[EndTime "10:52:14 PDT"]
[Termination "ACM42 won by resignation"]

1. e4 c5 2. Nf3 Nc6 3. d4 cxd4 4. Nxd4 Nf6 5. Nc3 e5 6. Ndb5 d6 7. Bg5 a6 8. Na3 b5 9. Bxf6 gxf6 10. Nd5 Bg7 11. c4 b4 12. Nc2 a5 13. b3 Be6 14.
Qh5 Bxd5 15. cxd5 Ne7 16. Bd3 Ng6 17. g3 Rc8 18. Bc4 Qb6 19. O-O O-O 20. Rad1 Kh8 21. Ne3 Ne7 22. h4 Rg8 23. Qxf7 Qc7 24. Kh2 Rcf8 25.
Qh5 Qd7 26. Bd3 f5 27. exf5 Rf6 28.
Ng4 Rf7 29. f6 Ng6 30. Bxg6 Bxf6 31. Bxf7 Rxg4 32. Be6 1-0

[Event "Live Chess"]
[Site "Chess.com"]
[Date "2024.06.01"]
[Round "-"]
[White "WilliamofOrange16th"]
[Black "MellowAesthetic"]
[Result "0-1"]
[WhiteElo "1937"]
[BlackElo "2058"]
[TimeControl "300"]
[EndTime "10:52:22 PDT"]
[Termination "MellowAesthetic won by resignation"]

1. e4 c5 2. Nc3 Nc6 3. g3 g6 4.
Bg2 Bg7 5. d3 d6 6. Be3 e6 7.
Qd2 Rb8 8. f4 Nge7 9. Nf3 O-O 10.
O-O-O b5 11. h4 Qa5 12. e5 b4 13. Nb1 Qxa2 14. h5 dxe5 15. hxg6 exf4 16. gxh7+ Kh8 17. d4 fxe3 18. Qxe3 Nxd4 0-1

[Event "Live Chess"]
[Site "Chess.com"]
[Date "2024.06.01"]
[Round "-"]
[White "educatedlad"]
[Black "RomanKifliuk"]
[Result "0-1"]
[WhiteElo "1758"]
[BlackElo "2355"]
[TimeControl "300"]
[EndTime "10:52:38 PDT"]
[Termination "RomanKifliuk won by checkmate"]

1. d4 c5 2. d5 e5 3. e4 d6 4. Nc3 Ne7 5. Bg5 Qb6 6. Bb5+ Nd7 7. Nf3 a6 8. Bxd7+ Bxd7 9. Qd2 Ng6 10. h4 f5 11. h5 Ne7 12. O-O h6 13. Bxe7 Bxe7 14. exf5 Bxf5 15. Rfe1 O-O 16. Na4 Qb5 17. b3 Bg4 18. c4 Qe8 19. Nxe5 dxe5 20. Rxe5 Qf7 21. Qe3 Bf6 22. Re4 Bxa1 23. Rxg4 Bd4 24. Qxh6 Qxf2+ 25. Kh2 Qg1+ 26. Kh3 Qh1+ 27. Kg3 Bf2# 0-1

[Event "Live Chess"]
[Site "Chess.com"]
[Date "2024.06.01"]
[Round "-"]
[White "KwikPhoenix"]
[Black "f4nomore"]
[Result "1-0"]
[WhiteElo "2458"]
[BlackElo "1202"]
[TimeControl "300"]
[EndTime "10:52:40 PDT"]
[Termination "KwikPhoenix won by resignation"]

1. e4 g6 2. d4 Bg7 3. f4 d6 4.
Nf3 Nf6 5. e5 dxe5 6. fxe5 Nd5 7. c3 O-O 8. Bc4 e6 9. O-O c6 10. Bg5 Qe8 11. Qc1 Nd7 12. Bh6 c5 13. Na3 cxd4 14. cxd4 a6 15. Bxd5 exd5 16. Bxg7 Kxg7 17. Qg5 f6 18. exf6+ Nxf6 19. Ne5 h6 20. Qh4 g5 21.
Qe1 Qd8 22. Qb1 Ne4 23. Rxf8 Qxf8 24. Qf1 Bf5 25. Rc1 Re8 26. Rc7+ Kg8 27. Rxb7 Bh7 28.
Qxf8+ Rxf8 29. Rd7 Nd2 30. h3 Rf1+ 31. Kh2 Be4 32.
Rd8+ Kg7 33. Rd7+ Kf6 34. Rf7+ Ke6 35. Rxf1 Nxf1+ 36. Kg1 Ne3 37. Nf3 Kf5 38. b4 h5 39.
b5 axb5 40. Nxb5 g4 41. hxg4+ hxg4 42. Ne1 Nc4 43. a4 Na5 44. Kf2 Kf4 45. g3+ Kf5 46. Nd6+ Ke6 47. Nxe4 dxe4 48. Nc2 Kd5 49. Ke3 Nc4+ 50.
Kf4 Nd6 51. Kxg4 e3 52. Kf3 Nf5 53. g4 Nxd4+ 54. Nxd4 Kxd4 55. Ke2 Ke4 56. a5 1-0

[Event "Live Chess"]
[Site "Chess.com"]
[Date "2024.06.01"]
[Round "-"]
[White "KeithArkell"]
[Black "Mikhail_Golubev"]
[Result "1/2-1/2"]
[WhiteElo "2517"]
[BlackElo "2602"]
[TimeControl "300"]
[EndTime "10:52:44 PDT"]
[Termination "Game drawn by repetition"]

1. d4 Nf6 2. Nf3 d6 3. c4 g6 4. g3 Bg7 5. Bg2 O-O 6. Nc3 c5 7. dxc5 dxc5 8. O-O Nc6 9. Bf4 Nh5 10. Be3 Be6 11. Nd5 Bxb2 12. Rb1 Bg7 13. Bxc5 b6 14. Nxe7+ Nxe7 15. Qxd8 Rfxd8 16. Bxe7 Re8 17. Ng5 Rac8 18. Nxe6 Rxe7 19. Nxg7 Kxg7 20. Bf3 Rxc4 21. Bxh5 gxh5 22. Rb2 Rd7 23. Rfb1 h4 24. Kg2 h5 25. Rb5 hxg3 26. hxg3 h4 27. gxh4 Rxh4 28. e3 Kf6 29. R1b4 Rxb4 30.
Rxb4 Rd6 31. a4 a5 32. Rh4 Ke6 33. Kf3 Kd5 34. Rh5+ Kc6 35. Ke4 Rd2 36. Rf5 Ra2 37. Rxf7 Rxa4+ 38. Ke5 b5 39. f4 b4 40. Rf6+ Kc7 41.
Rf7+ Kc6 42. Rf6+ Kc7 43. Rf7+ Kc6 1/2-1/2

[Event "Live Chess"]
[Site "Chess.com"]
[Date "2024.06.01"]
[Round "-"]
[White "Larchikov"]
[Black "Dhaydon19"]
[Result "1-0"]
[WhiteElo "2126"]
[BlackElo "2673"]
[TimeControl "300"]
[EndTime "10:52:48 PDT"]
[Termination "Larchikov won by checkmate"]

1. d4 e6 2. c4 d5 3. Nc3 dxc4 4. Nf3 Nf6 5. e3 a6 6. a4 b6 7. Bxc4 Bb7 8. O-O Be7 9. Qe2 O-O 10. e4 Nc6 11. Rd1 Nb4 12. Bf4 c6 13. h3 b5 14.
axb5 cxb5 15. Bb3 Rc8 16. Ne5 Qb6 17. g4 Rfd8 18. g5 Nd7 19. Nf3 Nf8 20. h4 Bd6 21. Be3 Qc7 22. Rac1 Qb8 23. h5 Bf4 24. Qd2 Bxe3 25.
Qxe3 Nd7 26. h6 g6 27. Nh2 Qd6 28. Ng4 Qe7 29. f4 Rc7 30. Nd5 Nxd5 31. exd5 Rxc1 32.
Rxc1 Kf8 33. dxe6 fxe6 34. Rc7 Bd5 35. Bxd5 exd5 36. Qxe7+ Kxe7 37. Ne5 Ke6 38. Rc6+ Kf5 39. Rd6 Nxe5 40. Rxd8 Nd3 41. Rxd5+ Kxf4 42. Rd7 Kxg5 43. Rxh7 Nxb2 44. d5 Nc4 45. d6 Nxd6 46. Rd7 Ne8 47. h7 Nf6 48. h8=Q Nxd7 49. Qd4 Nf8 50. Qc5+ Kf4 51.
Qxf8+ Ke5 52. Qa8 Kd4 53. Qxa6 Kc4 54. Qxg6 b4 55. Qb1 Kc3 56. Kf2 b3 57. Ke3 b2 58.
Qd3+ Kb4 59. Kd2 b1=Q 60. Qxb1+ Ka3 61. Kc3 Ka4 62. Qb4# 1-0

[Event "Live Chess"]
[Site "Chess.com"]
[Date "2024.06.01"]
[Round "-"]
[White "Bob2pen"]
[Black "viktor_forever1994"]
[Result "1-0"]
[WhiteElo "1860"]
[BlackElo "1391"]
[TimeControl "300"]
[EndTime "10:52:49 PDT"]
[Termination "Bob2pen won by checkmate"]

1. e4 e5 2. Nf3 Nc6 3. Bb5 Bc5 4. O-O Nf6 5. Nxe5 Nxe5 6. d4 Bxd4 7. Qxd4 Nc6 8. Qe3 O-O 9. Nc3 Re8 10. Re1 a6 11.
Bc4 b5 12. Bd5 Bb7 13. a3 h6 14. Bd2 Na5 15. Bxb7 Nxb7 16. Qg3 Kh8 17. Rad1 d6 18.
Qh3 Nc5 19. f3 Qd7 20. Qxd7 Nfxd7 21. Nd5 Rac8 22. Bc3 Ne5 23. Ne3 Rcd8 24. Bd4 Kg8 25. Nd5 Rd7 26. b3 Nc6 27. Bxc5 dxc5 28. Nf6+ gxf6 29.
Rxd7 f5 30. Rxc7 Nd4 31. Rxc5 fxe4 32. Rxe4 Rxe4 33. fxe4 Ne6 34. Rc6 a5 35. Kf2 Kg7 36. Rxe6 fxe6 37. Ke3 Kf6 38. Kf4 e5+ 39. Ke3 Ke6 40.
h3 Kd6 41. g4 Ke6 42. h4 Kf6 43. c4 bxc4 44. bxc4 Ke6 45. c5 Kd7 46. g5 hxg5 47. hxg5 Kc6 48. g6 Kxc5 49. g7 Kc4 50. g8=Q+ Kb5 51. Qb3+ Kc5 52. Kd3 Kc6 53. Qd5+ Kb6 54. Kc4 Kc7 55. Kc5 Kc8 56. Qf7 Kb8 57. Kc6 Kc8 58.
Qc7# 1-0

[Event "Live Chess"]
[Site "Chess.com"]
[Date "2024.06.01"]
[Round "-"]
[White "GEMdzq"]
[Black "RamsayFlayer"]
[Result "1-0"]
[WhiteElo "2321"]
[BlackElo "1960"]
[TimeControl "300"]
[EndTime "10:53:00 PDT"]
[Termination "GEMdzq won by resignation"]

1. e4 e5 2. d4 exd4 3. c3 dxc3 4. Bc4 cxb2 5. Bxb2 d5 6. Bxd5 Nf6 7. Bxf7+ Kxf7 8. Qxd8 Bb4+ 9. Qd2 Bxd2+ 10. Nxd2 c5 11. Ngf3 Nc6 12.
O-O Re8 13. e5 Ng4 14. Ne4 Ncxe5 15. Nd6+ Kf8 16. Nxe8 1-0

[Event "Live Chess"]
[Site "Chess.com"]
[Date "2024.06.01"]
[Round "-"]
[White "Colm_Buckley"]
[Black "SirGerhard"]
[Result "0-1"]
[WhiteElo "1791"]
[BlackElo "2771"]
[TimeControl "300"]
[EndTime "10:53:14 PDT"]
[Termination "SirGerhard won by resignation"]

1. d4 Nf6 2. c4 e6 3. Nc3 Bb4 4. Nf3 O-O 5. Qc2 c5 6. a3 Bxc3+ 7. Qxc3 b6 8. dxc5 bxc5 9. Bf4 Bb7 10. e3 Ne4 11.
Qc2 Qa5+ 12. Nd2 Nxd2 13. Qxd2 Qxd2+ 14. Kxd2 Nc6 15. Bd6 Rfc8 16. Bxc5 Na5 0-1

[Event "Live Chess"]
[Site "Chess.com"]
[Date "2024.06.01"]
[Round "-"]
[White "ossie57"]
[Black "GoldsmanB"]
[Result "1-0"]
[WhiteElo "1633"]
[BlackElo "1044"]
[TimeControl "300"]
[EndTime "10:53:16 PDT"]
[Termination "ossie57 won by resignation"]

1. d4 Nf6 2. Nc3 e6 3. Bf4 Bb4 4. Qd3 d5 5. O-O-O Nc6 6. a3 Bd6 7. Qg3 Bxf4+ 8. Qxf4 Nh5 9. Qg4 g6 10. e4 dxe4 11. Qxe4 Qg5+ 12. Kb1 Qf5 13. Qxf5 gxf5 14. Nb5 Kd7 15. d5 exd5 16. Rxd5+ Ke6 17. Nxc7+ Ke7 18.
Nxa8 1-0

[Event "Live Chess"]
[Site "Chess.com"]
[Date "2024.06.01"]
[Round "-"]
[White "Cruiseylee78"]
[Black "road2gm5000"]
[Result "1-0"]
[WhiteElo "1677"]
[BlackElo "1078"]
[TimeControl "300"]
[EndTime "10:53:23 PDT"]
[Termination "Cruiseylee78 won by checkmate"]

1. d4 d5 2. Bf4 Bf5 3. e3 e6 4.
Bd3 Bxd3 5. Qxd3 Bd6 6. Nf3 Bxf4 7. exf4 Nc6 8. Nbd2 Nf6 9. c3 Qe7 10. O-O-O O-O-O 11. Rde1 Qd6 12. f5 Rhe8 13. fxe6 fxe6 14. Ne5 Ne7 15. Nf7 Qc6 16. Nxd8 Rxd8 17. Nb3 Nf5 18. Nc5 Re8 19. Re2 b6 20. Na6 Ne4 21.
f3 Ned6 22. Nb4 Qa4 23. b3 Qa3+ 24. Kb1 Nb5 25. Qxb5 a5 26. Qxe8+ Kb7 27. Qc6+ Kb8 28. Na6+ Kc8 29. Qxc7# 1-0

[Event "Live Chess"]
[Site "Chess.com"]
[Date "2024.06.01"]
[Round "-"]
[White "dhairyapandyauk"]
[Black "willc-h99"]
[Result "0-1"]
[WhiteElo "1740"]
[BlackElo "2642"]
[TimeControl "300"]
[EndTime "10:53:27 PDT"]
[Termination "willc-h99 won by resignation"]

1. e4 g6 2. d4 Bg7 3. c4 d6 4.
Nc3 Nf6 5. f4 O-O 6. Nf3 Nbd7 7.
Bd3 e5 8. fxe5 dxe5 9. d5 Nh5 10. O-O Kh8 11. Be3 Nf4 12. Bxf4 exf4 13. Qd2 Ne5 14. Nxe5 Bxe5 15. Ne2 g5 16. g3 fxg3 17. Nxg3 Bh3 18. Rf5 Bxf5 19. Nxf5 Qf6 20. Rf1 Qb6+ 21. Kh1 Qxb2 22.
Bc2 Qc3 23. Qxg5 Qxc2 24. Qh6 Qxe4+ 25. Kg1 Rg8+ 26. Ng3 Bd4+ 0-1

[Event "Live Chess"]
[Site "Chess.com"]
[Date "2024.06.01"]
[Round "-"]
[White "SergiiA"]
[Black "degringolade64"]
[Result "0-1"]
[WhiteElo "1535"]
[BlackElo "2051"]
[TimeControl "300"]
[EndTime "10:53:31 PDT"]
[Termination "degringolade64 won on time"]

1. c4 e5 2. Nc3 Nf6 3. e4 Bb4 4.
Nge2 O-O 5. g3 b5 6. cxb5 a6 7. bxa6 Bxa6 8. Bg2 c6 9. O-O d5 10. exd5 cxd5 11. a3 Bc5 12. b4 Ba7 13. Re1 Bd3 14. h3 d4 15. Na2 e4 16. Nf4 Nc6 17. Nxd3 exd3 18. Bxc6 Rc8 19. Bg2 Qd6 20. Bb2 Rc2 21. Rb1 Qa6 22. Nc1 Rfc8 23. Nb3 Qd6 24. Qf3 Nd7 25.
Qxd3 Ne5 26. Qe4 f6 27. Qd5+ Qxd5 28. Bxd5+ Kf8 29. Nxd4 Rxd2 30. Ne6+ Ke7 31. Bb3 Bxf2+ 32. Kh1 Bxe1 33. Bxe5 fxe5 34. Rxe1 Rc3 35. Nc5 Kf6 36. Kg1 Rxg3+ 37. Kh1 Rxh3+ 38. Kg1 Rg3+ 39. Kf1 Rf3+ 40. Kg1 Rb2 41. Ne4+ Kf5 42. Bd5 h5 43. Nd6+ Kf4 44. Bxf3 Kxf3 45. Nf7 e4 46. Ng5+ Kf4 47. Nxe4 Ra2 48. Nc5 Rxa3 49. b5 Ra5 0-1

[Event "Live Chess"]
[Site "Chess.com"]
[Date "2024.06.01"]
[Round "-"]
[White "RuslanChessN"]
[Black "Mangoalo"]
[Result "1-0"]
[WhiteElo "1928"]
[BlackElo "1013"]
[TimeControl "300"]
[EndTime "10:53:38 PDT"]
[Termination "RuslanChessN won by resignation"]

1. d4 d5 2. c4 Nc6 3. cxd5 Qxd5 4. Nf3 Bg4 5. Nc3 Qd8 6. d5 Bxf3 7. gxf3 Nf6 8.
dxc6 Qxd1+ 9. Kxd1 bxc6 10. e4 O-O-O+ 11. Kc2 e5 12. Ba6+ Kb8 13. Be3 Bb4 14. Rhd1 Bxc3 15. bxc3 Rd6 16. Rab1+ Ka8 17. Rb7 Ne8 18. Bxa7 c5 19.
Rxd6 Nxd6 20. Rxc7 c4 21. Bc5 1-0

[Event "Live Chess"]
[Site "Chess.com"]
[Date "2024.06.01"]
[Round "-"]
[White "jimwad"]
[Black "powerchs"]
[Result "0-1"]
[WhiteElo "1230"]
[BlackElo "1250"]
[TimeControl "300"]
[EndTime "10:54:04 PDT"]
[Termination "powerchs won by resignation"]

1. d4 Nf6 2. c4 g6 3. Nc3 Bg7 4. Bf4 O-O 5. e3 Nh5 6. Nge2 Nxf4 7. Nxf4 d6 8. Bd3 e5 9. Nfe2 f5 10. f4 e4 11. Bc2 c6 12. Bb3 d5 13. cxd5 cxd5 14.
Bxd5+ Kh8 15. O-O Nc6 16. Bxc6 bxc6 17. d5 Ba6 18. Re1 Bxe2 19. Nxe2 cxd5 20. Nd4 Qb6 21.
b3 Bxd4 22. exd4 Rac8 23. Qd2 Rc7 24. Rac1 Rfc8 25. Rxc7 Rxc7 26. Rd1 Qc6 27. g3 Qc3 28. Qxc3 Rxc3 29. Kf1 Kg7 30. Ke2 Kf7 31. Rd2 Ke7 32. b4 Kd6 33. a4 Kc6 34. b5+ Kb6 35. Rb2 Ka5 36. Ra2 Rc4 37. Ke3 Rxa4 38. Rb2 Rb4 39. Ra2+ Kb6 40. Kd2 Rxd4+ 41. Kc3 Rd3+ 42. Kb4 d4 43.
Ra6+ Kb7 44. Kc5 e3 45. Rf6 e2 46. Rf7+ Kc8 47. Kc6 Kd8 48. Kd6 Ke8 49. Rxa7 e1=Q 50. b6 Qb4+ 51. Kc7 Rc3+ 52. Kb7 d3 53. Ra8+ Ke7 54.
Ka7 Qa5+ 55. Kb7 Qxa8+ 56. Kxa8 Rb3 57. b7 d2 58. b8=Q Rxb8+ 0-1